 Dungeon Crawl Stone Soup version 0.32-a0-172-gc5dd13f2a7 (webtiles) character file.

Game seed: 8285017998263341433

35 zenocrate the Sneak (level 3, -1/23 HPs)
             Began as a Kobold Delver on Feb 12, 2024.
             Slain by an adder (4 damage)
             ... on level 5 of the Dungeon.
             The game lasted 00:00:29 (154 turns).

zenocrate the Sneak (Kobold Delver)                  Turns: 154, Time: 00:00:29

Health: -1/23      AC:  3    Str:  9    XL:     3   Next: 52%
Magic:  3/3        EV: 15    Int: 11    God:
Gold:   25         SH:  0    Dex: 18    Spells: 2/2 levels left

rFire   . . .        a - +0 short sword
rCold   . . .        (no shield)
rNeg    . . .        b - +0 leather armour
rPois   .            (no helmet)
rElec   .            (no cloak)
rCorr   .            (no gloves)
SInv    .            (no boots)
Will    .....        (no amulet)
Stlth   ++++         (no ring)
HPRegen 0.23/turn    (no ring)
MPRegen 0.08/turn

%: no passive effects
@: lethally poisoned (-1 -> -4), hasted, very quick
A: small, no large weapons, nightstalker 3
a: no special abilities


You were on level 5 of the Dungeon.
You visited 1 branch of the dungeon, and saw 1 of its levels.

You collected 25 gold pieces.

Inventory:

Hand Weapons
 a - a +0 short sword (weapon)
Missiles
 h - 4 boomerangs (quivered)
Armour
 b - a +0 leather armour (worn)
Wands
 g - a wand of digging (3)
Scrolls
 c - a scroll of fog
 d - a scroll of revelation


   Skills:
 + Level 3.3 Fighting
 + Level 3.5 Short Blades
 + Level 3.1 Dodging
 + Level 7.0 Stealth


You had 2 spell levels left.
You didn't know any spells.
Your spell library was empty.

Dungeon Overview and Level Annotations

Branches:
Dungeon (5/15)
 Temple: D:4-7

Altars:


Innate Abilities, Weirdness & Mutations

You are small and have problems with some larger weapons.
You are completely attuned to the shadows.


Message History

The orc priest is heavily wounded.
The orc priest barely misses you. The orc hits you with a +0 dagger.
The adder barely misses you.
Unknown command.
You hit the orc priest.
The orc priest is heavily wounded.
The orc priest closely misses you. The orc hits you with a +0 dagger.
You hit the orc priest but do no damage.
The orc priest is heavily wounded.
An adder comes into view.
The adder misses you.
The adder hisses angrily.
You hit the orc priest but do no damage.
The orc priest is heavily wounded.
You hear a shout!
The adder closely misses you.
The orc priest mumbles some strange prayers to Beogh against you.
Pain shoots through your body! The orc hits you but does no damage.
You closely miss the orc priest.
The orc priest is heavily wounded.
The adder bites you.
You are poisoned.
The adder poisons you!
Unknown command.
You hit the orc priest.
The orc priest is almost dead.
You feel sick.
The orc priest miscasts a cantrip.
The orc hits you with a +0 dagger.
* * * LOW HITPOINT WARNING * * *
You closely miss the orc priest.
The orc priest is almost dead.
The adder bites you but does no damage.
Unknown command.
You hit the orc priest.
You kill the orc priest!
You feel sick. The orc hits you with a +0 dagger.
* * * LOW HITPOINT WARNING * * *
The adder bites you.
You die... o

## ..#. ....
o.o.###...# ##)##..##
..#S#o)...# #######
.....S@..#### #..##.#
....o###....## ##.....#
##...##......###.......
#.S.B........#........
#.#S##................
.................
................
#.##...##......
#...........


You could see 2 adders and 2 orcs.

Vanquished Creatures
  An orc priest (D:5)
  3 adders (D:5)
  3 orcs (D:5)
  A quokka (D:5)
8 creatures vanquished.

Notes
Turn   | Place    | Note
-------+----------+-------------------------------------------
     0 | D:5      | zenocrate the Kobold Delver began the quest for the Orb.
     0 | D:5      | Reached XP level 1. HP: 14/14 MP: 1/1
    39 | D:5      | Reached XP level 2. HP: 19/19 MP: 2/2
    56 | D:5      | Reached skill level 7 in Stealth
    56 | D:5      | Reached XP level 3. HP: 23/23 MP: 3/3
   154 | D:5      | Slain by an adder

Illustrated notes

Levels and vault maps discovered:
D:5:      layout_cave_pools, minmay_temple_entry_antechambers

Skill      XL: |  1  2 |
---------------+-------+-----
Short Blades   | 3 |  3.5
Dodging        | 3 |  3.1
Stealth        | 7 |  7.0
Fighting       | |  3.3

Action                     || total
---------------------------++-------
  Melee: Short sword       ||    48
    Use: Scroll            ||     1
         Potion            ||     1
   Stab: Sleeping          ||     1
 Armour: Leather armour    ||    17
  Dodge: Dodged            ||    32

Table legend: (Time is in decaauts)
 A = Elapsed time spent in this place.
 B = Non-inter-level travel time spent in this place.
 C = Inter-level travel time spent in this place.
 D = Time resting spent in this place.
 E = Time spent auto-exploring this place.
 F = Levels seen in this place.
 G = Mean time per level.
                   A        B        C        D        E       F      G
               +--------+--------+--------+--------+--------+-----+--------+
         Total |    139 |    139 |      0 |      0 |     78 |   1 |  139.0 |
       Dungeon |    139 |    139 |      0 |      0 |     78 |   1 |  139.0 |
               +--------+--------+--------+--------+--------+-----+--------+

Top non-repeatable levels by time:
     D:5: 139 daAuts
